 Dungeon Crawl Stone Soup version 0.30-a0-711-gf4ac18a38d (webtiles) character file.

Game seed: 7764059897237950591

82 tkbsonic5 the Sneak (level 4, -3/25 HPs)
             Began as a Vampire Wanderer on Jan 22, 2023.
             Slain by an orc
             ... wielding a +0 short sword
              (5 damage)
             ... on level 3 of the Dungeon.
             The game lasted 00:16:16 (1988 turns).

tkbsonic5 the Sneak (Vampire Wanderer)              Turns: 1988, Time: 00:16:17

Health: -3/25      AC:  6    Str:  9 (11) XL:     4   Next: 21%
Magic:  0/5        EV: 16    Int: 13 (15) God:
Gold:   100        SH:  6    Dex: 12 (14) Spells: 1/4 levels left

rFire   . . .      SeeInvis +    a - +0 hand axe
rCold   + + .      Faith    .    b - +2 buckler
rNeg    + + +      Spirit   .    q - +1 robe {rN+}
rPois   ∞          Reflect  .    c - +0 helmet
rElec   .          Harm     .    (no cloak)
rCorr   .          Rampage  .    s - +0 pair of gloves
Will    .....                    r - +0 pair of boots
Stlth   +++++                    (no amulet)
HPRegen 0.00/turn                t - +5 ring of evasion
MPRegen 0.09/turn                (no ring)

@: bloodless, inhibited regen, hasted, very quick
A: bloodless, fangs 3, see invisible, vampiric 2
a: Bat Form, Revivify


You were on level 3 of the Dungeon.
You visited 1 branch of the dungeon, and saw 3 of its levels.

You collected 100 gold pieces.

Inventory:

Hand Weapons
 a - a +0 hand axe (weapon)
 i - a +0 sling
 k - a +0 short sword
Missiles
 l - 4 poisoned darts
 x - 2 boomerangs
Armour
 b - a +2 buckler (worn)
 c - a +0 helmet (worn)
 q - a +1 robe of positive energy (worn)
 r - a +0 pair of boots (worn)
 s - a +0 pair of gloves (worn)
Jewellery
 t - a +5 ring of evasion (left hand)
Wands
 y - a wand of charming (4)
Scrolls
 d - a scroll of fear
 g - a scroll of enchant weapon {unknown}
 h - 2 scrolls of vulnerability {unknown}
 j - a scroll of identify
 m - a scroll of noise {unknown}
 o - a scroll of poison {unknown}
 v - a scroll of enchant armour {unknown}
 w - a scroll of acquirement {unknown}
Potions
 e - a potion of cancellation
 f - a potion of brilliance
 u - a potion of lignification


   Skills:
 + Level 1.2 Fighting
 + Level 0.9 Short Blades
 - Level 1.0 Axes
 * Level 1.0 Ranged Weapons
 - Level 1.0 Throwing
 - Level 2.4 Armour
 + Level 1.1 Dodging
 * Level 5.4 Stealth
 + Level 1.8 Shields
 * Level 0.9 Spellcasting
 + Level 0.0 Transmutations
 * Level 0.8 Earth Magic
 + Level 0.0 Evocations


You had one spell level left.
You knew the following spells:

 Your Spells              Type           Power      Damage    Failure   Level
a - Sandblast             Erth           4%         2d4       26%         1
b - Passwall              Tmut/Erth      0%         N/A       43%         2

Your spell library contained the following spells:

 Spells                   Type           Power      Damage    Failure   Level
 Blink                    Tloc           0%         N/A       50%         2
 Lesser Beckoning         Tloc           0%         N/A       50%         2
 Momentum Strike          Conj/Tloc      0%         3d8       50%         2
 Stone Arrow              Conj/Erth      2%         3d7       67%         3
 Dazzling Flash           Conj/Hex       0%         N/A       75%         3
 Iskenderun's Mystic Bla  Conj/Tloc      0%         2d3       98%         4
 Starburst                Conj/Fire      0%         6d3       100%        6


Dungeon Overview and Level Annotations

Branches:
Dungeon (3/15)

Altars:


Innate Abilities, Weirdness & Mutations

You do not regenerate when monsters are visible.
You are frail without blood (-20% HP).
You can heal yourself when you bite living creatures.
You are immune to poison.
You have razor-sharp teeth.
You have supernaturally acute eyesight. (SInv)
You are afflicted with vampirism and can become a bat while bloodless.


Message History

You barely miss the hobgoblin.
The hobgoblin is heavily wounded.
You hit the orc but do no damage. x2; You block the hobgoblin's attack.
The orc completely misses you. The orc hits you with a +0 whip.
You hit the hobgoblin.
You kill the hobgoblin!
You hit the orc but do no damage. You hit the orc. The orc misses you.
You block the orc's attack.
Okay, then.
Okay, then.
You barely miss the orc. x2; You closely miss the orc.
Aiming: Sandblast (safe; 26% risk of failure)
Press: ? - help, Q - select action, (/) - cycle Shift-Dir - straight line, f - orc, p - orc
Aim: an orc, wielding a +0 short sword and wearing a +0 leather armour (81% to hit)
The blast of sand hits the orc.
The orc is lightly wounded.
The orc hits you with a +0 trident.
* * * LOW HITPOINT WARNING * * *
The orc hits you with a +0 whip.
* * * LOW HITPOINT WARNING * * *
The orc closely misses you.
You hit the orc. Your bite misses the orc.
The orc is moderately wounded.
You hit the orc but do no damage. x2; The orc hits you but does no damage.
The orc closely misses you. You block the orc's attack.
You closely miss the orc. You bite the orc, but do no damage.
The orc is moderately wounded.
You hit the orc.
You kill the orc!
You closely miss the orc. The orc completely misses you.
The orc barely misses you.
You hit the orc but do no damage.
The orc is moderately wounded.
You hit the orc but do no damage. You hit the orc. The orc misses you.
The orc completely misses you. The orc hits you but does no damage.
You closely miss the orc. Your bite misses the orc.
The orc is moderately wounded.
You hit the orc but do no damage. You barely miss the orc. The orc misses you.
The orc barely misses you. The orc hits you with a +0 short sword.
You die...

####o#.#.#####
...oo........##
######.......#
#............#
#.###........#
#.##.#o##).#.#
#####
#....#.##....#
#....
####o#o##....##
#....
#@#.####...###....
#oo.#.............
#####.#..#.###....
#.#.....##...[
#####.#.....#####.
............##≈≈≈≈
.....###....####.
#...#⌠#.##...##.
#...###.##.#.)..


You could see 3 orcs.

Vanquished Creatures
  An adder (D:2)
  2 worms (D:3)
  A dart slug (D:2)
  3 orcs
  2 ball pythons
  8 bats
  6 endoplasms
  2 giant cockroaches
  6 goblins
  7 hobgoblins
  3 jackals (D:3)
  7 frilled lizards
  8 kobolds
  5 rats
61 creatures vanquished.

Notes
Turn   | Place    | Note
-------+----------+-------------------------------------------
     0 | D:1      | tkbsonic5 the Vampire Wanderer began the quest for the Orb.
     0 | D:1      | tkbsonic5 set off with the following items: a +0 hand axe,
                  | a +2 buckler, a +0 helmet, a scroll of fear, a +0 robe.
     0 | D:1      | Reached XP level 1. HP: 13/13 MP: 1/1
   107 | D:1      | Reached XP level 2. HP: 9/16 MP: 2/2
   310 | D:1      | Reached skill level 5 in Stealth
   949 | D:2      | Learned a level 1 spell: Sandblast
   981 | D:2      | Reached skill level 1 in Fighting
   981 | D:2      | Reached skill level 1 in Dodging
   981 | D:2      | Gained mutation: You are afflicted with vampirism and can
                  | become a bat while bloodless. [Vampire growth]
   981 | D:2      | Reached XP level 3. HP: 20/20 MP: 0/3
  1520 | D:3      | Reached skill level 1 in Ranged Weapons
  1597 | D:3      | Reached XP level 4. HP: 25/25 MP: 4/4
  1609 | D:3      | Found a faded altar of an unknown god.
  1661 | D:3      | Learned a level 2 spell: Passwall
  1988 | D:3      | Slain by an orc

Illustrated notes

Levels and vault maps discovered:
D:1:      heliophobic_arrival_ceremonial_halls, layout_loops_cross
D:2:      layout_basic, minmay_pentomino_z2
D:3:      layout_basic, serial_rivers, chequers_serial_rivers_room_a,
          chequers_serial_rivers_micro_e, chequers_serial_rivers_room_a,
          chequers_serial_rivers_micro_b, chequers_serial_rivers_micro_e,
          hellmonk_ecumenical_altar_pennies_from_heaven, palyth_stone_intersect,
          feat_on_display

Skill      XL: |  1  2  3 |
---------------+----------+-----
Stealth        | 5 |  5.4
Fighting       | 1 |  1.2
Dodging        | 1 |  1.1
Ranged Weapons | 1 |  1.0
Short Blades   | |  0.9
Axes           | |  1.0
Throwing       | |  1.0
Armour         | |  2.4
Shields        | |  1.8
Spellcasting   | |  0.9
Earth Magic    | |  0.8

Action                     |  1- 3 |  4- 6 || total
---------------------------+-------+-------++-------
  Melee: Hand axe          |    21 |    12 ||    33
         Bite              |     2 |     1 ||     3
         Short sword       |    19 |       ||    19
         Dagger            |     5 |       ||     5
   Fire: Sling             |   127 |    25 ||   152
   Cast: Sandblast         |     2 |     5 ||     7
Ability: Exsanguinate      |     1 |       ||     1
         End Transformatio |       |     1 ||     1
         Bat Form          |       |     1 ||     1
    Use: Potion            |     3 |     2 ||     5
         Scroll            |     2 |       ||     2
   Stab: Sleeping          |     1 |       ||     1
 Armour: Robe              |    24 |     3 ||    27
         Chain mail        |     5 |       ||     5
         Ring mail         |     1 |       ||     1
  Dodge: Dodged            |    53 |    30 ||    83
  Block: Buckler           |    27 |    13 ||    40

Table legend: (Time is in decaauts)
 A = Elapsed time spent in this place.
 B = Non-inter-level travel time spent in this place.
 C = Inter-level travel time spent in this place.
 D = Time resting spent in this place.
 E = Time spent auto-exploring this place.
 F = Levels seen in this place.
 G = Mean time per level.
                   A        B        C        D        E       F      G
               +--------+--------+--------+--------+--------+-----+--------+
         Total |   2055 |   2029 |     26 |     79 |   1319 |   3 |  685.0 |
       Dungeon |   2055 |   2029 |     26 |     79 |   1319 |   3 |  685.0 |
               +--------+--------+--------+--------+--------+-----+--------+

Top non-repeatable levels by time:
     D:1: 829 daAuts
     D:2: 666 daAuts
     D:3: 559 daAuts
